 Dungeon Crawl Stone Soup version 0.30-a0-777-ga9a30cbeda (webtiles) character file.

Game seed: 15748336937132556284

631 Newt the Cutter (level 7, -1/56 HPs)
             Began as a Demonspawn Gladiator on Feb 13, 2023.
             Killed from afar by an orc wizard (8 damage)
             ... with a puff of flame
             ... on level 7 of the Dungeon.
             The game lasted 00:05:02 (3942 turns).

Newt the Cutter (Demonspawn Gladiator)              Turns: 3942, Time: 00:05:03

Health: -1/56      AC:  6    Str: 17    XL:     7   Next: 24%
Magic:  7/7        EV: 10    Int:  9    God:
Gold:   266        SH:  0    Dex: 14    Spells: 6/6 levels left

rFire   . . .      SeeInvis .    d - +6 dagger (drain)
rCold   . . .      Faith    .    (no shield)
rNeg    . . .      Spirit   .    p - +0 scale mail {rPois}
rPois   +          Reflect  .    (helmet restricted)
rElec   .          Harm     .    (no cloak)
rCorr   .          Rampage  .    (no gloves)
Will    .....                    (no boots) Stlth
                                 (no amulet)
HPRegen 0.29/turn                (no ring)
MPRegen 0.20/turn                (no ring)

@: confused
A: antennae 1, large bone plates 1, magic regeneration, condensation shield
a: no special abilities


You were on level 7 of the Dungeon.
You visited 1 branch of the dungeon, and saw 6 of its levels.

You collected 266 gold pieces.

Inventory:

Hand Weapons
 a - a +0 rapier
 d - a +6 dagger of draining (weapon)
 i - a +0 dagger of draining
 q - a +2 dagger of speed
Missiles
 e - 2 throwing nets
 l - 10 poisoned darts (quivered)
 m - 7 javelins
 s - 5 boomerangs
Armour
 b - a +0 leather armour
 c - a +0 helmet
 p - a +0 scale mail of poison resistance (worn)
Jewellery
 n - an amulet of faith
Scrolls
 f - 3 scrolls of teleportation
 g - a scroll of magic mapping
 h - a scroll of silence
 o - a scroll of butterflies
Potions
 k - a potion of flight
 r - a potion of might {unknown}
 t - a potion of lignification {unknown}
 u - a potion of resistance {unknown}
 v - 2 potions of brilliance {unknown}


   Skills:
 - Level 5.0 Fighting
 + Level 6.4 Short Blades
 - Level 1.7 Throwing
 - Level 2.6 Dodging


You had 6 spell levels left.
You didn't know any spells.
Your spell library contained the following spells:

 Spells                   Type           Power      Damage    Failure   Level
 Magic Dart               Conj           0%         1d3       83%         1
 Call Imp                 Summ           0%         N/A       92%         2
 Kindle Blastsparks       Fire/Tloc/Air  0%         2d10      99%         3
 Mephitic Cloud           Conj/Pois/Air  0%         N/A       99%         3
 Fulminant Prism          Conj/Hex       0%         3d5       100%        4
 Iskenderun's Mystic Bla  Conj/Tloc      0%         2d3       100%        4
 Lee's Rapid Deconstruct  Erth           0%         3d4*      100%        5


Dungeon Overview and Level Annotations

Branches:
Dungeon (7/15)
 Temple: D:4-7

Altars:
Ashenzari
Xom


Innate Abilities, Weirdness & Mutations

You have a pair of small antennae on your head.
You are partially covered in large bone plates. (SH +4)
You regenerate magic rapidly.
A meltable shield of frost defends you. (SH +0)


Message History

You climb downwards.
There is a stone staircase leading up here.
Unknown command.
You barely miss the orc priest.
The orc priest hits you but does no damage.
The orc wizard gestures at you while chanting.
The magic dart hits you.
The orc wizard gestures wildly while chanting.
The orc wizard flickers and vanishes!
Deactivating autopickup; reactivate with Ctrl-A.
You puncture the orc priest!
The orc priest is heavily wounded.
The orc wizard casts a spell at you. You resist with some effort.
You block the orc priest's attack. Something hits you.
You puncture the orc priest!
You kill the orc priest!
Something hits you.
* * * LOW HITPOINT WARNING * * *
The orc wizard gestures at you while chanting.
You are confused.
The sky beast barely misses you. Something hits you.
* * * LOW HITPOINT WARNING * * *
The orc wizard hits you with a +0 dagger.
* * * LOW HITPOINT WARNING * * *
The sky beast hits you but does no damage.
Something hits you.
* * * LOW HITPOINT WARNING * * *
The orc wizard casts a spell.
The orc wizard flickers and vanishes!
The sky beast hits you but does no damage.
You hear some strange, mumbled words.
A magic dart appears from out of thin air!
The magic dart hits you.
* * * LOW HITPOINT WARNING * * *
You hear some strange, mumbled words.
A puff of flame appears from out of thin air!
The puff of flame hits you!
You die...

#..... .. .... #.#..# ##..#
.#...# #.)..###.....
......###...........
.......#...........#
................#
#...........>..###.
.###...{.{...........
.......#@####........
......#Y†.##...##....
.Y.....<.#..#..# ..
...##..()#.##..# ..
#.....###..#####..#
...##......##... #..# .
............#..## #..## #.
................####...## #.. #
#.........#.#...##.....###..###


You could see a sky beast.

Vanquished Creatures
  A kobold demonologist (D:6)
  An ice beast (D:7)
  A bullfrog (D:4)
  A hound (D:4)
  An orc priest (D:7)
  Jessica (D:2)
  2 orc wizards
  A gnoll (D:7)
  3 adders
  A worm (D:1)
  3 dart slugs (D:4)
  7 orcs
  3 endoplasms (D:1)
  A giant cockroach (D:2)
  9 goblins
  2 hobgoblins
  4 jackals (D:1)
  A quokka (D:1)
  5 ball pythons
  A bat (D:1)
  3 frilled lizards
  5 kobolds
  3 rats
60 creatures vanquished.

Notes
Turn   | Place    | Note
-------+----------+-------------------------------------------
     0 | D:1      | Newt the Demonspawn Gladiator began the quest for the Orb.
     0 | D:1      | Reached XP level 1. HP: 16/16 MP: 1/1
   332 | D:1      | Gained mutation: You are partially covered in large bone
                  | plates. (SH +4) [demonic ancestry]
   332 | D:1      | Reached XP level 2. HP: 21/23 MP: 2/2
   986 | D:2      | Noticed Jessica
  1058 | D:1      | Gained mutation: You regenerate magic rapidly. [demonic
                  | ancestry]
  1058 | D:1      | Reached XP level 3. HP: 9/29 MP: 3/3
  1267 | D:2      | Killed Jessica
  1545 | D:2      | Reached XP level 4. HP: 38/38 MP: 4/4
  1697 | D:2      | Found a shimmering altar of Xom.
  2096 | D:3      | Found a broken altar of Ashenzari.
  2855 | D:4      | Noticed a bullfrog
  2869 | D:4      | Reached skill level 5 in Fighting
  2869 | D:4      | Reached skill level 3 in Short Blades
  2877 | D:4      | Killed a bullfrog
  2878 | D:4      | Gained mutation: You have a pair of small antennae on your
                  | head. [demonic ancestry]
  2878 | D:4      | Reached XP level 5. HP: 30/44 MP: 5/5
  3141 | D:3      | Reached skill level 4 in Short Blades
  3545 | D:4      | You fall into a shaft and drop 3 floors!
  3546 | D:7      | Noticed a sky beast
  3570 | D:7      | Noticed a water moccasin
  3822 | D:6      | Noticed an ice beast
  3822 | D:6      | Noticed a black bear
  3833 | D:7      | Killed an ice beast
  3834 | D:7      | Reached skill level 5 in Short Blades
  3834 | D:7      | Gained mutation: A meltable shield of frost defends you.
                  | (SH +0) [demonic ancestry]
  3834 | D:7      | Reached XP level 6. HP: 30/46 MP: 6/6
  3895 | D:6      | Noticed a kobold demonologist
  3905 | D:6      | Killed a kobold demonologist
  3906 | D:6      | Reached skill level 6 in Short Blades
  3906 | D:6      | Reached XP level 7. HP: 28/56 MP: 7/7
  3942 | D:7      | Killed from afar by an orc wizard

Illustrated notes

Levels and vault maps discovered:
D:1:      spicycebolla_arrival_xxxplode, layout_basic, minmay_misc_feat_ornament
D:2:      minmay_door_path, layout_basic, basic_altar, uniq_jessica
D:3:      layout_basic, nicolae_ashenzari_skybound
D:4:      layout_rooms, minmay_temple_entry_arrows
D:6:      layout_rooms, nicolae_qazlal_general_emergency, serial_shops,
          nicolae_shop_behind_doors
D:7:      layout_layer_cave, serial_glass, glass_columns_a, glass_columns_b,
          glass_columns_a, glass_columns_a, minmay_misc_feat_plants, uniq_joseph

Skill      XL: |  1  2  3  4  5  6 |
---------------+-------------------+-----
Fighting       | 3 4 5 |  5.0
Short Blades   | 3 5 6 |  6.4
Throwing       | |  1.7
Dodging        | |  2.6

Action                     |  1- 3 |  4- 6 |  7- 9 || total
---------------------------+-------+-------+-------++-------
  Melee: Rapier            |    59 |       |       ||    59
         Punch             |     1 |     2 |       ||     3
         Dagger            |    57 |   174 |    12 ||   243
  Throw: Throwing net      |     1 |     3 |       ||     4
         Dart              |     3 |       |       ||     3
         Javelin           |     1 |     1 |       ||     2
    Use: Scroll            |     4 |     7 |       ||    11
         Potion            |       |     2 |       ||     2
   Stab: Held in net/web   |     2 |     1 |       ||     3
         Sleeping          |     1 |       |       ||     1
 Armour: Leather armour    |    44 |     5 |       ||    49
         Scale mail        |       |    48 |    10 ||    58
  Dodge: Dodged            |    74 |    74 |     7 ||   155
  Block: Other             |    12 |    25 |     5 ||    42

Table legend: (Time is in decaauts)
 A = Elapsed time spent in this place.
 B = Non-inter-level travel time spent in this place.
 C = Inter-level travel time spent in this place.
 D = Time resting spent in this place.
 E = Time spent auto-exploring this place.
 F = Levels seen in this place.
 G = Mean time per level.
                   A        B        C        D        E       F      G
               +--------+--------+--------+--------+--------+-----+--------+
         Total |   3868 |   3704 |    164 |   1106 |   2019 |   6 |  644.7 |
       Dungeon |   3868 |   3704 |    164 |   1106 |   2019 |   6 |  644.7 |
               +--------+--------+--------+--------+--------+-----+--------+

Top non-repeatable levels by time:
     D:1: 1231 daAuts
     D:3: 1043 daAuts
     D:2: 756 daAuts
     D:4: 447 daAuts
     D:7: 375 daAuts
     D:6: 14 daAuts
